 Dungeon Crawl Stone Soup version 0.25-a0-561-g0977b4d109 (webtiles) character file.

Game seed: 18246139381942353576, levelgen mode: deterministic

9980 Flugslaktarn the Cleaver (level 11, -6/100 HPs)
             Began as a Deep Dwarf Fighter on Feb 25, 2020.
             Was a Priest of Makhleb.
             Blown up by an eye of devastation (14 damage)
             ... with a bolt of energy
             ... in a Gauntlet.
             The game lasted 00:05:14 (6544 turns).

Flugslaktarn the Cleaver (Deep Dwarf Fighter)       Turns: 6544, Time: 00:05:14

Health: -6/100     AC: 18    Str: 23    XL:     11   Next: 30%
Magic:  11/11      EV: 10    Int: 14    God:    Makhleb [***...]
Gold:   610        SH: 16    Dex: 12    Spells: 10/10 levels left

rFire    . . .     SeeInvis .   a - +1 war axe
rCold    . . .     Gourm    .   E - -1 tower shield (curse)
rNeg     . . .     Faith    .   F - +2 plate armour of Weightlessness {*Drain rElec Int+3 Slay+6}
rPois    .         Spirit   .   (helmet restricted)
rElec    +         Reflect  .   B - +0 cloak
rCorr    .         Harm     .   p - +0 pair of gloves
MR       +....     NoTele   +   (no boots)
Stlth    ..........             (no amulet)
HPRegen  0.00/turn              v - +2 ring of evasion
MPRegen  0.12/turn              f - +4 ring of evasion

@: non-regenerating
A: damage resistance, heal wounds, beak, clever 1, sense surroundings 2,
screaming 1, no regeneration
a: Heal Wounds, Minor Destruction, Lesser Servant of Makhleb, Renounce Religion


You were in a Gauntlet.
You worshipped Makhleb.
Makhleb was most pleased with you.
You were very hungry.

You visited 2 branches of the dungeon, and saw 12 of its levels.
You also visited: Gauntlet.

You collected 610 gold pieces.

Inventory:

Hand Weapons
 a - a +1 war axe (weapon)
Missiles
 i - 4 throwing nets (quivered)
Armour
 k - a +1 helmet
   (You found it on level 2 of the Dungeon)
 p - a +0 pair of gloves (worn)
   (You found it on level 4 of the Dungeon)
 B - a +0 cloak (worn)
   (You found it on level 7 of the Dungeon)
 E - a cursed -1 tower shield (worn)
   (You found it on level 10 of the Dungeon)
 F - the +2 plate armour of Weightlessness (worn) {*Drain rElec Int+3 Slay+6}
   (You found it on level 4 of the Dungeon)

   It affects your intelligence (+3).
   It affects your accuracy and damage with ranged weapons and melee attacks
   (+6).
   It insulates you from electricity.
   It causes draining when unequipped.
   If you remove this armour, your AC will decrease by 16 (18 -> 2).
Jewellery
 f - a +4 ring of evasion (right hand)
   (You found it on level 9 of the Dungeon)
 o - an uncursed ring of poison resistance
   (You found it on level 9 of the Dungeon)
 v - a +2 ring of evasion (left hand)
   (You took it off an orc on level 7 of the Dungeon)
 D - an uncursed amulet of harm
   (You took it off a centaur on level 8 of the Dungeon)
Wands
 y - a wand of digging (11)
   (You found it on level 7 of the Dungeon)
 G - a wand of paralysis (7)
   (You found it on level 9 of the Dungeon)
Scrolls
 b - a scroll of brand weapon
 c - a scroll of amnesia {unknown}
 j - a scroll of acquirement {unknown}
 l - 2 scrolls of fog
 m - 4 scrolls of remove curse
 r - a scroll of identify
 t - a scroll of teleportation
 x - 2 scrolls of fear
 z - 2 scrolls of blinking
 A - a scroll of enchant weapon
 C - a scroll of immolation
 H - a scroll of torment
Potions
 d - 2 potions of might
 h - a potion of haste
 n - a potion of lignification
 q - 4 potions of curing
 s - 2 potions of stabbing
 u - a potion of flight
 w - 3 potions of heal wounds
Comestibles
 e - 9 rations


   Skills:
 + Level 7.5 Fighting
 * Level 11.7 Axes
 + Level 9.0 Armour
 + Level 9.0 Shields
 + Level 7.4 Invocations


You had 10 spell levels left.
You didn't know any spells.
Your spell library was empty.

Dungeon Overview and Level Annotations

Branches:
Dungeon (11/15)            Temple (1/1) D:6            Lair (0/6) D:8
Gauntlet (1/1)
    Orc: D:9-12

Altars:
Ashenzari
Cheibriados
Dithmenos
Elyvilon
Fedhas
Gozag
Hepliaklqana
Makhleb
Okawaru
Qazlal
Ru
Sif Muna
Trog
Uskayaw
Vehumet
Wu Jian
Xom
Yredelemnul
The Shining One

Shops:
D:9 %

Annotations:
D:4 2 transporters, zikan's ghost, amateur MfSk Gauntlet 11 transporters, 2 runed translucent doors, exclusion: 2 orange crystal statues


Innate Abilities, Weirdness & Mutations

You are resistant to damage.
You can heal yourself by infusing magical energy.
You passively map the area around you.
You do not regenerate.
You have a beak for a mouth.
Your mind is acute. (Int +2)
You occasionally shout uncontrollably at your foes.


Message History

You slash the eye of devastation!
You peck the eye of devastation, but do no damage.
The eye of devastation is heavily wounded.
You hit the eye of devastation but do no damage.
The eye of devastation is heavily wounded.
The guardian serpent changes into a wind drake!
The eye of devastation gazes at you. The bolt of energy hits you!!
* * * LOW HITPOINT WARNING * * *
You slash the eye of devastation!
The eye of devastation is severely wounded.
The golden eye blinks at you.
You easily resist.
The golden eye blinks at you. You resist with some effort.
You slash the eye of devastation! You peck the eye of devastation.
The eye of devastation is almost dead.
The eye of devastation gazes at you. The bolt of energy hits you!!
You die...

#≈..#.#####.#......#©#......##
##..#.#≈≈≈#.#......#©#......≈#
#≈..#.#.©.#.#..###########..##
##..#.+...+.#..#".#=©....#..≈#
#≈..#.#####D#..#...#.....#..##
##..#.....kH#..#...#....##..≈#
#≈..#########..#....#.##.#..##
##......©......#...###...#..≈#
#≈.......§...∩.#@##.#©...#..##
##≈#§#≈#§#≈#≈..##G...#...#..§#
############..#.G...#...#..##
#≈..#......#..#..≈#
##..###########..##
#≈.∩.....©.......≈#
##...§....§§§....##
##≈#§#≈#§#§#≈#≈##
###############


You could see a swamp dragon, a wind drake shaped shifter, an eye of
devastation, a harpy shaped shifter and a golden eye.

Vanquished Creatures
  Harold (D:7)
  2 two-headed ogres (D:9)
  Joseph (D:8)
  A merfolk (D:9)
  A hornet (D:9)
  Prince Ribbit (D:9)
  A hippogriff (D:7)
  5 yaks
  A wyvern (D:10)
  A hungry ghost (D:8)
  2 water moccasins
  A porcupine (D:8)
  3 orc warriors
  An ice beast (D:5)
  2 black bears (D:8)
  5 phantoms
  7 ogres
  3 sky beasts
  3 necrophages
  6 centaurs
  A crocodile (D:8)
  12 bullfrogs
  A wyvern zombie (D:5)
  6 killer bees (D:7)
  2 howler monkeys (D:8)
  3 crimson imps (D:6)
  A bullfrog zombie (D:8)
  3 centaur zombies
  4 orc priests
  6 hounds
  4 jellies
  11 orc wizards
  9 worker ants
  A hound zombie (D:8)
  8 gnolls (D:3)
  10 adders
  A howler monkey skeleton (D:6)
  An ooze (D:6)
  An adder zombie (D:8)
  2 leopard geckos
  50 orcs
  2 ball pythons
  8 giant cockroaches
  A goblin (D:1)
  4 hobgoblins
  An iguana (D:4)
  9 jackals
  3 quokkas
  A bat (D:3)
  3 frilled lizards
  A jackal skeleton (D:7)
  A quokka zombie (D:5)
  2 rats
  3 fungi (D:8)
  10 plants (D:8)
234 creatures vanquished.

Vanquished Creatures (others)
  A demonic plant (Gauntlet)
  5 fungi (D:8)
6 creatures vanquished.

Grand Total: 240 creatures vanquished

Notes
Turn   | Place    | Note
-------+----------+-------------------------------------------
     0 | D:1      | Flugslaktarn the Deep Dwarf Fighter began the quest for the
                  | Orb.
     0 | D:1      | Reached XP level 1. HP: 20/20 MP: 1/1
   147 | D:2      | Reached XP level 2. HP: 27/27 MP: 2/2
   458 | D:3      | Reached skill level 3 in Axes
   458 | D:3      | Reached XP level 3. HP: 21/34 MP: 3/3
   494 | D:3      | Reached XP level 4. HP: 42/42 MP: 4/4
   593 | D:3      | Found a faded altar of an unknown god.
   808 | D:3      | Reached skill level 4 in Axes
   808 | D:3      | Reached XP level 5. HP: 19/49 MP: 5/5
   911 | D:4      | Noticed a phantom
   912 | D:4      | Found a shimmering altar of Xom.
   939 | D:4      | Killed a phantom
   939 | D:4      | Reached XP level 6. HP: 52/56 MP: 6/6
  1123 | D:4      | Found a transporter.
  1124 | D:4      | Noticed zikan's ghost (amateur MfSk)
  1127 | D:4      | Noticed a hungry ghost
  1382 | D:4      | Reached skill level 5 in Axes
  1583 | D:4      | Found a transporter.
  1648 | D:4      | Got a fine plate armour
  1659 | D:4      | Identified the +2 plate armour of Weightlessness {*Drain
                  | rElec Int+3 Slay+6} (You found it on level 4 of the
                  | Dungeon)
  1685 | D:5      | Entered Level 5 of the Dungeon
  1807 | D:5      | Noticed a sky beast
  1816 | D:5      | Killed a sky beast
  1816 | D:5      | Reached XP level 7. HP: 46/64 MP: 7/7
  1956 | D:5      | Reached skill level 5 in Armour
  1956 | D:5      | Reached skill level 5 in Shields
  2021 | D:5      | Reached skill level 6 in Axes
  2454 | D:6      | Reached XP level 8. HP: 43/73 MP: 7/7
  2483 | D:6      | Reached skill level 7 in Axes
  2643 | D:6      | Found a staircase to the Ecumenical Temple.
  2797 | D:6      | Reached skill level 5 in Fighting
  2849 | Temple   | Entered the Ecumenical Temple
  3303 | D:6      | Found a burning altar of Makhleb.
  3307 | D:6      | Reached skill level 8 in Axes
  3346 | D:6      | Became a worshipper of Makhleb the Destroyer
  3570 | D:7      | Noticed a hippogriff
  3579 | D:7      | Killed a hippogriff
  3579 | D:7      | Reached skill level 1 in Invocations
  3581 | D:7      | Gained mutation: You passively map the area around you.
                  | [Deep Dwarf growth]
  3581 | D:7      | Reached XP level 9. HP: 56/81 MP: 6/8
  3755 | D:7      | Reached skill level 9 in Axes
  3851 | D:7      | Noticed Harold
  3870 | D:7      | Killed Harold
  3894 | D:7      | Reached * piety under Makhleb
  3929 | D:7      | Found a shimmering blue altar of Sif Muna.
  3950 | D:7      | Found a hazy altar of Hepliaklqana.
  4498 | D:8      | Found a staircase to the Lair.
  4508 | D:8      | Reached XP level 10. HP: 72/91 MP: 9/9
  4517 | D:8      | Reached skill level 10 in Axes
  4524 | D:8      | Reached skill level 5 in Invocations
  4573 | D:8      | Reached ** piety under Makhleb
  4773 | D:8      | Found a shattered altar of Ashenzari.
  4783 | D:8      | Noticed Joseph
  4797 | D:8      | Killed Joseph
  5022 | D:8      | Gained mutation: Your mind is acute. (Int +2) [potion of
                  | mutation]
  5022 | D:8      | Gained mutation: You have a beak for a mouth. [potion of
                  | mutation]
  5022 | D:8      | Gained mutation: You have a pair of small antennae on your
                  | head. [potion of mutation]
  5023 | D:8      | Lost mutation: Your mind is acute. (Int +2) [potion of
                  | mutation]
  5023 | D:8      | Lost mutation: You have a pair of small antennae on your
                  | head. [potion of mutation]
  5023 | D:8      | Gained mutation: You occasionally shout uncontrollably at
                  | your foes. [potion of mutation]
  5023 | D:8      | Gained mutation: Your mind is acute. (Int +2) [potion of
                  | mutation]
  5030 | D:9      | Noticed a two-headed ogre
  5041 | D:9      | Killed a two-headed ogre
  5041 | D:9      | Reached skill level 11 in Axes
  5048 | D:9      | Noticed a two-headed ogre
  5056 | D:9      | Killed a two-headed ogre
  5059 | D:9      | Reached XP level 11. HP: 72/100 MP: 10/12
  5087 | D:9      | Noticed Prince Ribbit
  5098 | D:9      | Killed Prince Ribbit
  5318 | D:9      | Found Wouqece's Food Shoppe.
  5604 | D:10     | Entered Level 10 of the Dungeon
  5631 | D:10     | Reached *** piety under Makhleb
  6331 | D:11     | Found a gate leading to a gauntlet.
  6340 | Gauntlet | Entered a Gauntlet
  6340 | Gauntlet | Found a transporter.
  6340 | Gauntlet | Found a runed translucent door.
  6340 | Gauntlet | Found a transporter.
  6340 | Gauntlet | Found a transporter.
  6340 | Gauntlet | Found a runed translucent door.
  6341 | Gauntlet | Found a transporter.
  6342 | Gauntlet | Found a transporter.
  6342 | Gauntlet | Noticed a death drake
  6345 | Gauntlet | Found a transporter.
  6351 | Gauntlet | Noticed a soul eater
  6353 | Gauntlet | Found a transporter.
  6354 | Gauntlet | Found a transporter.
  6355 | Gauntlet | Found a transporter.
  6356 | Gauntlet | Found a transporter.
  6358 | Gauntlet | Noticed an orange crystal statue
  6363 | Gauntlet | Noticed an orange crystal statue
  6365 | Gauntlet | Found a transporter.
  6365 | Gauntlet | Found a transporter.
  6437 | Gauntlet | Noticed a death drake
  6493 | Gauntlet | Noticed a shining eye
  6493 | Gauntlet | a shining eye changed into a floating eye
  6510 | Gauntlet | Noticed a harpy
  6510 | Gauntlet | a tarantella changed into a harpy
  6517 | Gauntlet | a harpy changed into a polar bear
  6536 | Gauntlet | Noticed a swamp dragon
  6539 | Gauntlet | Noticed a harpy
  6539 | Gauntlet | a black mamba changed into a harpy
  6544 | Gauntlet | Blown up by an eye of devastation

Levels and vault maps discovered:
D:1:      elethiomel_arrival_infinity_welcomes_careful_drivers, layout_basic,
          minmay_misc_feat_columns
D:2:      layout_basic, grunt_temple_overflow_open
D:3:      layout_basic, nemelex_xobeh_ov_fountains_minmay,
          chequers_ecumenical_altar_simple
D:4:      layout_loops_corners, gammafunk_ghost_mausoleum, dk_xom_monty_hall
D:5:      layout_loops_corners, first_ration
D:6:      layout_loops_corners, kennysheep_little_box, lemuel_temple_firewalk_b
D:7:      layout_cave_pods, kennysheep_mini_moat, basic_altar, uniq_harold
D:8:      layout_rooms, ashenzari_altar_1, due_lair_maze_entry_diamond,
          interstate_on_off, uniq_joseph
D:9:      layout_cave_pools, serial_shops, nicolae_shop_crystal,
          hangedman_fish_farm, minmay_fractal_squares_gapless_7,
          uniq_prince_ribbit1
D:10:     layout_cave_pods, serial_bayou_pond_e
D:11:     layout_cave_pools, gauntlet_entry_generic,
          nicolae_dithmenos_the_darkroom
Temple:   lightli_temple_of_artemis
Gauntlet: minmay_gauntlet_mixed_big_or_small [nicolae_gauntlet_swirl,
          minmay_gauntlet_arena_77_shame_cube,
          gammafunk_gauntlet_arena_chambers, minmay_gauntlet_arena_77_two_paths,
          gammafunk_gauntlet_arena_grid,
          minmay_gauntlet_arena_77_tiled_triplets, gauntlet_exit_green]

Skill      XL: |  1  2  3  4  5  6  7  8  9 10 11 |
---------------+----------------------------------+-----
Fighting       | 3 4 5 6 7 |  7.5
Axes           | 3 4 5 6 8 9 11 | 11.7
Shields        | 4 5 6 7 8 9 |  9.0
Armour         | 4 5 6 7 8 9 |  9.0
Invocations    | 1 4 6 7 |  7.4

Action                   |  1- 3 |  4- 6 |  7- 9 | 10-12 || total
-------------------------+-------+-------+-------+-------++-------
Melee: War axe           |    96 |   187 |   249 |   243 ||   775
       Peck              |       |       |       |    28 ||    28
 Abil: Heal Wounds       |     1 |     4 |     8 |     2 ||    15
  Use: Scroll            |     1 |     2 |     6 |     9 ||    18
       Potion            |       |       |       |     3 ||     3
  Eat: Chunk             |       |     4 |     9 |     7 ||    20
Armor: Scale mail        |    11 |       |       |       ||    11
       Chain mail        |    35 |   102 |       |       ||   137
       Plate armour      |       |    11 |   172 |    98 ||   281
Dodge: Dodged            |    25 |    34 |    45 |    43 ||   147
Block: Kite shield       |    66 |    85 |   140 |   118 ||   409
       Tower shield      |       |       |       |    22 ||    22

Table legend:
 A = Non-vault XP
 B = Vault XP
 C = Vault XP percentage of total XP
 D = Non-vault monster count
 E = Vault monster count
 F = Vault count percentage of total count
                 A         B        C        D         E       F
            +---------+---------+-------+---------+---------+-------
      Total |   10543 |    3715 |  26.1 |     201 |      20 |   9.0
            +---------+---------+-------+---------+---------+-------
        D:1 |       5 |       0 |   0.0 |       3 |       0 |   0.0
        D:2 |      10 |       0 |   0.0 |       5 |       0 |   0.0
        D:3 |     185 |       0 |   0.0 |      26 |       0 |   0.0
        D:4 |     255 |      42 |  14.1 |      24 |       2 |   7.7
        D:5 |     675 |       0 |   0.0 |      19 |       0 |   0.0
        D:6 |    1194 |       0 |   0.0 |      24 |       0 |   0.0
        D:7 |    1920 |    1065 |  35.7 |      35 |       1 |   2.8
        D:8 |    1991 |    1500 |  43.0 |      44 |      10 |  18.5
        D:9 |    2574 |    1108 |  30.1 |      10 |       7 |  41.2
       D:10 |    1734 |       0 |   0.0 |      11 |       0 |   0.0
            +---------+---------+-------+---------+---------+-------
